Map: Ultralove

Players

vladisan

  • Race: Zerg Zerg
  • League: Diamond
  • Spawn Location: 7:00

LigerMaNN - Winner!

  • Race: Zerg Zerg
  • League: Diamond
  • Spawn Location: 1:00

VOD

Have the link to the VOD?

Description

Time

  • Played on: July 3, 2025, 12:05 a.m.
  • Length: 4:47
Show
View Real Time Build Order
Export as new Build Order

vladisan Zerg 

Build Orders: Hatch First 

Get SALT Encoding   

  12  0:02  Drone  
  13  0:11  Drone  
  14  0:38  Drone, Hatchery  
  14  0:53  Spawning Pool  
  14  0:55  Extractor  
  12  0:57  Drone  
  12  1:02  Drone  
  14  1:10  Overlord  
  14  1:19  Overlord  
  14  1:41  Zergling x4  
  14  1:44  Zergling x2  
  17  1:50  Zergling x2  
  17  1:53  Zergling x2  
  19  1:56  Metabolic Boost  
  19  2:01  Zergling x2  
  19  2:05  Zergling x2  
  21  2:12  Zergling x2  
  21  2:15  Zergling x2  
  23  2:23  Zergling x2  
  23  2:25  Zergling x2  
  25  2:34  Zergling x2  
  25  2:35  Zergling x2  
  27  2:44  Zergling x2  
  27  2:47  Zergling x2  
  28  2:55  Zergling x2  
  28  2:58  Zergling x2  
  28  3:05  Zergling x2  
  30  3:08  Zergling x2  
  31  3:15  Zergling x2  
  32  3:21  Spine Crawler  
  32  3:23  Zergling x2  
  21  3:28  Zergling x2  
  21  3:35  Drone  
  21  3:40  Lair  
  22  3:47  Drone  
  23  3:54  Drone  
  24  3:56  Drone  
  24  4:01  Extractor  
  24  4:08  Spine Crawler  
  23  4:11  Drone  
  23  4:19  Drone x2  
  25  4:29  Spine Crawler  
  24  4:32  Drone  
Show
View Real Time Build Order
Export as new Build Order

LigerMaNN Zerg - Winner!

Build Orders: Hatch First 

Get SALT Encoding   

  12  0:01  Drone  
  13  0:12  Overlord  
  13  0:16  Drone  
  14  0:32  Drone x2  
  16  0:49  Hatchery  
  15  0:52  Drone  
  15  0:56  Drone  
  17  1:00  Drone  
  18  1:13  Extractor  
  18  1:17  Spawning Pool  
  16  1:20  Drone  
  16  1:23  Drone  
  18  1:29  Drone  
  19  1:39  Overlord  
  19  2:03  Zergling x6  
  19  2:07  Queen  
  19  2:08  Queen  
  26  2:11  Zergling x2  
  28  2:15  Zergling x2  
  28  2:22  Baneling Nest  
  27  2:26  Zergling x2  
  27  2:28  Zergling x2  
  29  2:34  Drone  
  30  2:46  Metabolic Boost  
  30  3:00  Zergling x10  
  30  3:04  Overlord  
  35  3:09  Baneling x2  
  35  3:10  Baneling  
  27  3:35  Zergling x12  
  33  3:43  Zergling x4  
  35  3:56  Zergling x4  
  35  4:00  Overlord  
  37  4:26  Drone x7  
  41  4:47  Hatchery  
Tags
 
Matchup
ZvZ
Race
Zerg
Replay Pack
June 2025
Spawn Locations
Cross Positions
Add a new tag
Caveats
  • Supply blocks, unpowered buildings, or Contaminate may cause inaccurate times.
  • Supply counts are checked every 10 seconds.